 Dungeon Sprint DCSS version 0.20-a0-640-g62ed22f (webtiles) character file.

13395 useraccount the End of an Era (level 12, 0/103 HPs)
             Began as a Formicid Fighter on Feb 12, 2017.
             Was the Champion of Qazlal.
             Slain by an orc knight
             ... wielding a +0 war axe
              (15 damage)
             ... in the Dungeon (Sprint IX: "|||||||||||||||||||||||||||||").
             The game lasted 00:04:03 (1799 turns).

useraccount the End of an Era (Formicid Fighter)    Turns: 1799, Time: 00:04:03

Health: 0/103      AC: 23    Str: 29    XL:     12   Next: 32%
Magic:  12/24      EV: 14    Int:  8    God:    Qazlal [******]
Gold:   1273       SH: 22    Dex: 10    Spells: 11/11 levels left

rFire    . . .     SeeInvis +   a - +3 great sword
rCold    . . .     Gourm    .   w - +0 plate armour
rNeg     . . .     Faith    .   c - +0 shield
rPois    .         Spirit   .   (helmet unavailable)
rElec    .         Reflect  .   B - +0 cloak
rCorr    .         Harm     .   h - +0 pair of gloves
MR       +....                  y - +0 pair of boots
Stlth    ..........             (no amulet)
Regen    0.3/turn               j - +3 ring of strength
MPRegen  0.2/turn               k - +2 ring of evasion

@: protected from physical damage, repel missiles
A: permanent stasis, dig shafts and tunnels, four strong arms, antennae 3
a: Dig, Upheaval, Elemental Force, Disaster Area, Renounce Religion


You were in the Dungeon.
You worshipped Qazlal.
Qazlal was exalted by your worship.
You were not hungry.

You visited 1 branch You collected 1273 gold pieces.

Inventory:

Hand Weapons
 a - a +3 great sword (weapon)
 b - a +2 rapier of venom
Armour
 c - a +0 shield (worn)
 h - a +0 pair of gloves (worn)
 w - a +0 plate armour (worn)
 y - a +0 pair of boots (worn)
 B - a +0 cloak (worn)
Jewellery
 j - a +3 ring of strength (right hand)
 k - a +2 ring of evasion (left hand)
Wands
 o - a wand of lightning (7/15)
Scrolls
 m - 3 scrolls of remove curse
 t - 5 scrolls of recharging
 u - 2 scrolls of enchant weapon
 v - a scroll of fear
 x - a scroll of fog
Potions
 d - a potion of might
 e - 5 potions of curing
 g - a potion of invisibility
 i - 4 potions of magic
 l - 5 potions of heal wounds
 r - a potion of resistance
 s - a potion of brilliance
Comestibles
 f - 13 bread rations
 p - 7 chunks of flesh
 z - 40 fruits
 A - 12 meat rations


   Skills:
 + Level 12.8 Fighting
 + Level 12.2 Long Blades
 + Level 12.9 Armour
 + Level 10.6 Dodging
 + Level 13.8 Shields
 * Level 17.1 Invocations


You had 11 spell levels left.
You didn't know any spells.

Dungeon Overview and Level Annotations

Branches:
Dungeon (1/1)

Altars:
Cheibriados
Dithmenos
Elyvilon
Fedhas
Gozag
Hepliaklqana
Kikubaaqudgha
Makhleb
Nemelex Xobeh
Okawaru
Qazlal
Ru
Sif Muna
Trog
Uskayaw
Vehumet
Xom
Yredelemnul
Zin
The Shining One
Beogh
Jiyva
Lugonu

Shops:
D !%:!


Innate Abilities, Weirdness & Mutations

You cannot be hasted, slowed, berserked, paralysed or teleported.
You can dig through walls and to a lower floor.
Your four strong arms can wield two-handed weapons with a shield.
You have a pair of large antennae on your head. (SInv)


Message History

Qazlal accepts your kill.
Your Invocations skill increases to level 17!
The orc knight unwields an uncursed war axe.
The orc knight wields an arbalest.
The orc knight shoots a bolt.
You block the bolt.
There is an entrance to Ozxo's Distillery here.
Things that are here:
a halberd; 100 gold pieces; an orc corpse You closely miss the orc knight.
The orc knight unwields an uncursed arbalest.
The orc knight wields an uncursed war axe.
You block the orc knight's attack.
You closely miss the orc knight. You block the orc knight's attack.
Your plate armour prevents you from hitting the orc knight.
The orc knight hits you with an uncursed war axe!!
* * * LOW HITPOINT WARNING * * *
You slash the orc knight!
The orc knight is lightly wounded.
The orc knight hits you with an uncursed war axe!
You die... {{{{{{{{{{{{{{{

▓▓▓▓▓▓▓▓▓▓▓▓▓▓▓▓▓▓▓▓▓▓▓▓
)))))?..[..$)).(@o∩.∩.∩.{{{{
▓▓▓▓▓▓▓▓▓▓▓▓▓▓▓▓▓▓▓▓▓▓▓▓▓▓▓▓▓▓▓▓▓
..................)....(((.......
▓▓▓▓▓▓▓▓▓▓▓▓▓▓▓▓▓▓▓▓▓▓▓▓▓▓▓▓▓▓▓▓▓
.†.........'÷.......(...'...[[[..
▓▓▓▓▓▓▓▓▓▓▓▓▓▓▓▓▓▓▓▓▓▓▓▓▓▓▓▓▓▓▓▓▓
.................................
▓▓▓▓▓▓▓▓▓▓▓▓▓▓▓▓▓▓▓▓▓▓▓▓▓▓▓▓▓▓▓▓▓
__________.'..|).[...÷)....(%))..


You could see an orc knight.

Vanquished Creatures
  Erolcha (D)
  2 hydras (D)
  2 centaur warriors (D)
  4 orc high priests (D)
  Sonja (D)
  5 orc knights (D)
  An orc sorcerer (D)
  An elephant (D)
  A black mamba (D)
  A spiny frog (D)
  A blink frog (D)
  A yak (D)
  2 wargs (D)
  4 water moccasins (D)
  A soldier ant (D)
  A hell hound (D)
  A porcupine (D)
  12 orc warriors (D)
  An ice beast (D)
  6 wolves (D)
  3 crocodiles (D)
  3 bullfrogs (D)
  A scorpion (D)
  2 orc priests (D)
  4 orc wizards (D)
  A worker ant (D)
  An adder (D)
  2 shadow imps (D)
  13 orcs (D)
  A bat skeleton (D)
  A goblin (D)
  A jackal (D)
  A ball python skeleton (D)
  A bat (D)
  3 kobolds (D)
87 creatures vanquished.

Vanquished Creatures (others)
  A spatial maelstrom (D)
1 creature vanquished.

Grand Total: 88 creatures vanquished

Notes
Turn   | Place    | Note
-------+----------+-------------------------------------------
     0 | D        | useraccount the Formicid Fighter began the quest for the Orb.
     0 | D        | Reached XP level 1. HP: 18/18 MP: 1/1
     3 | D        | Banished a spatial maelstrom
    43 | D        | Noticed an orc wizard
    43 | D        | Noticed an ice beast
    53 | D        | Killed an orc wizard
    53 | D        | Reached XP level 2. HP: 19/25 MP: 2/2
    53 | D        | Reached XP level 3. HP: 23/30 MP: 3/3
    71 | D        | Killed an ice beast
    71 | D        | Reached skill level 5 in Fighting
    71 | D        | Reached skill level 5 in Long Blades
    71 | D        | Reached skill level 5 in Armour
    71 | D        | Reached XP level 4. HP: 11/39 MP: 4/4
    71 | D        | Reached XP level 5. HP: 12/44 MP: 5/5
   252 | D        | Found a roughly hewn altar of Beogh.
   252 | D        | Found a snail-covered altar of Cheibriados.
   252 | D        | Found a shadowy altar of Dithmenos.
   252 | D        | Found a white marble altar of Elyvilon.
   252 | D        | Found a blossoming altar of Fedhas.
   252 | D        | Found an opulent altar of Gozag.
   253 | D        | Found a hazy altar of Hepliaklqana.
   254 | D        | Found a viscous altar of Jiyva.
   255 | D        | Found an ancient bone altar of Kikubaaqudgha.
   263 | D        | Found a corrupted altar of Lugonu.
   264 | D        | Found a burning altar of Makhleb.
   265 | D        | Found a sparkling altar of Nemelex Xobeh.
   266 | D        | Found an iron altar of Okawaru.
   267 | D        | Found a stormy altar of Qazlal.
   268 | D        | Found a sacrificial altar of Ru.
   269 | D        | Found a deep blue altar of Sif Muna.
   270 | D        | Found a bloodstained altar of Trog.
   271 | D        | Found a hide-covered altar of Uskayaw.
   272 | D        | Found a radiant altar of Vehumet.
   273 | D        | Found a shimmering altar of Xom.
   274 | D        | Found a basalt altar of Yredelemnul.
   275 | D        | Became a worshipper of Qazlal Stormbringer
   276 | D        | Found a glowing silver altar of Zin.
   277 | D        | Found a glowing golden altar of the Shining One.
   337 | D        | Reached skill level 2 in Invocations
   338 | D        | Reached skill level 3 in Invocations
   340 | D        | Reached * piety under Qazlal
   341 | D        | Reached XP level 6. HP: 52/52 MP: 5/8
   349 | D        | Reached ** piety under Qazlal
   372 | D        | Noticed a yak
   372 | D        | Noticed a soldier ant
   372 | D        | Noticed a centaur warrior
   372 | D        | Noticed a centaur warrior
   379 | D        | Killed a yak
   379 | D        | Reached skill level 6 in Invocations
   382 | D        | Killed a soldier ant
   382 | D        | Reached skill level 5 in Dodging
   382 | D        | Reached skill level 7 in Invocations
   382 | D        | Reached XP level 7. HP: 39/59 MP: 8/12
   389 | D        | Killed a centaur warrior
   389 | D        | Reached skill level 9 in Invocations
   389 | D        | Reached XP level 8. HP: 42/68 MP: 9/15
   393 | D        | Killed a centaur warrior
   393 | D        | Reached *** piety under Qazlal
   393 | D        | Reached skill level 10 in Invocations
   393 | D        | Reached XP level 9. HP: 42/75 MP: 10/17
   399 | D        | Reached skill level 10 in Shields
   399 | D        | Reached skill level 11 in Invocations
   646 | D        | Noticed a blink frog
   646 | D        | Noticed a spiny frog
   650 | D        | Noticed a six-headed hydra
   652 | D        | Reached **** piety under Qazlal
   666 | D        | Killed a six-headed hydra
   666 | D        | Reached skill level 10 in Armour
   666 | D        | Reached skill level 12 in Invocations
   670 | D        | Reached XP level 10. HP: 44/85 MP: 3/19
   674 | D        | Killed a spiny frog
   674 | D        | Reached skill level 10 in Fighting
   692 | D        | Reached ***** piety under Qazlal
   873 | D        | Noticed an elephant
   873 | D        | Noticed a black mamba
   873 | D        | Noticed a six-headed hydra
   876 | D        | Reached skill level 13 in Invocations
   880 | D        | Killed an elephant
   880 | D        | Reached skill level 10 in Long Blades
   880 | D        | Killed a black mamba
   883 | D        | Killed a six-headed hydra
   883 | D        | Reached skill level 14 in Invocations
   953 | D        | Reached ****** piety under Qazlal
   953 | D        | Reached XP level 11. HP: 93/93 MP: 21/21
  1083 | D        | Noticed Sonja
  1097 | D        | Killed Sonja
  1291 | D        | Noticed Erolcha
  1296 | D        | Killed Erolcha
  1296 | D        | Reached skill level 15 in Invocations
  1397 | D        | Noticed an orc knight
  1412 | D        | Killed an orc knight
  1562 | D        | Noticed an orc knight
  1562 | D        | Noticed an orc knight
  1562 | D        | Noticed an orc knight
  1565 | D        | Killed an orc knight
  1572 | D        | Killed an orc knight
  1573 | D        | Killed an orc knight
  1573 | D        | Reached skill level 10 in Dodging
  1573 | D        | Reached skill level 16 in Invocations
  1745 | D        | Found Ozxo's Distillery.
  1745 | D        | Noticed an orc sorcerer
  1745 | D        | Noticed an orc high priest
  1747 | D        | Noticed an orc knight
  1747 | D        | Killed an orc high priest
  1747 | D        | Reached XP level 12. HP: 57/103 MP: 24/24
  1759 | D        | Noticed an orc high priest
  1764 | D        | Noticed a sun demon
  1764 | D        | Found Fod Cem's Food Shoppe.
  1770 | D        | Killed an orc high priest
  1771 | D        | Noticed an orc high priest
  1772 | D        | Killed an orc high priest
  1782 | D        | Noticed an orc high priest
  1783 | D        | Found Igeniv's Book Emporium.
  1785 | D        | Found Ratoh's Distillery.
  1794 | D        | Killed an orc high priest
  1794 | D        | Reached skill level 17 in Invocations
  1799 | D        | Slain by an orc knight

Vault maps used:
D:        linesprint

Skill      XL: |  1  2  3  4  5  6  7  8  9 10 11 12 |
---------------+-------------------------------------+-----
Shields        | 4 6 7 9 10 11 13 | 13.8
Fighting       | 4 5 6 8 9 11 12 | 12.8
Long Blades    | 3 5 6 7 8 9 10 11 12 | 12.2
Armour         | 4 5 6 7 8 9 10 11 12 | 12.9
Dodging        | 2 3 5 6 7 8 10 | 10.6
Invocations    | 3 7 9 10 12 14 16 17 | 17.1

Action                   |  1- 3 |  4- 6 |  7- 9 | 10-12 || total
-------------------------+-------+-------+-------+-------++-------
Melee: Long sword        |    56 |     3 |       |       ||    59
       Scimitar          |       |    25 |    29 |   146 ||   200
       Rapier            |       |       |     2 |     2 ||     4
       Great sword       |       |       |       |    28 ||    28
Invok: Upheaval          |       |       |     4 |     2 ||     6
       Disaster Area     |       |       |       |     5 ||     5
  Use: Potion            |     1 |       |     2 |       ||     3
       Scroll            |       |       |       |     1 ||     1
  Eat: Chunk             |       |       |       |     3 ||     3
Armor: Scale mail        |    25 |     2 |       |       ||    27
       Chain mail        |       |     4 |    15 |    19 ||    38
       Plate armour      |       |       |       |     7 ||     7
Dodge: Dodged            |    10 |     8 |    14 |    40 ||    72
Block: Shield            |    26 |    18 |    34 |   148 ||   226
       Rpst.: Long sword |       |     3 |       |       ||     3
       Scimitar          |       |     1 |     4 |     6 ||    11
       Great sword       |       |       |       |     1 ||     1
